 Dungeon Crawl Stone Soup version 0.30-a0-1018-g25214051b3 (webtiles) character file.

Game seed: 2002322686909944923

0 bobo the Chopper (level 1, -3/19 HPs)
             Began as a Hill Orc Monk on Apr 6, 2023.
             Frozen to death by an endoplasm (5 damage)
             ... on level 1 of the Dungeon on Apr 7, 2023.
             The game lasted 00:00:55 (120 turns).

bobo the Chopper (Hill Orc Monk)                     Turns: 120, Time: 00:00:56

Health: -3/19      AC:  2    Str: 13    XL:     1   Next: 0%
Magic:  1/1        EV: 12    Int: 10    God:
Gold:   4          SH:  0    Dex: 13    Spells: 0/0 levels left

rFire   . . .      SeeInvis .    a - +0 hand axe
rCold   . . .      Faith    .    (no shield)
rNeg    . . .      Spirit   .    b - +0 robe
rPois   .          Reflect  .    (no helmet)
rElec   .          Rampage  .    (no cloak)
rCorr   .                        (no gloves)
Will    .....                    (no boots)
Stlth   ++                       (no amulet)
HPRegen 0.23/turn                (no ring)
MPRegen 0.07/turn                (no ring)

@: no status effects
A: no striking features
a: no special abilities


You were on level 1 of the Dungeon.
You visited 1 branch of the dungeon, and saw 1 of its levels.

You collected 4 gold pieces.

Inventory:

Hand Weapons
 a - a +0 hand axe (weapon)
Armour
 b - a +0 robe (worn)
 d - a +0 plate armour
Potions
 c - a potion of ambrosia


   Skills:
 + Level 3.6 Fighting
 + Level 4.0 Axes
 + Level 2.4 Dodging
 - Level 1.5 Stealth


You couldn't memorise any spells.
You didn't know any spells.
Your spell library was empty.

Dungeon Overview and Level Annotations

Branches:
Dungeon (1/15)

Altars:


Message History

Found a plate armour.
You now have 4 gold pieces.
A bat comes into view.
You see here a +0 plate armour.
d - a +0 plate armour An endoplasm comes into view.
An endoplasm comes into view.
The endoplasm quivers.
The endoplasm hits you but does no damage.
You barely miss the endoplasm.
The endoplasm hits you but does no damage.
You hit the endoplasm but do no damage. The endoplasm freezes you.
You are frozen.
You hit the endoplasm.
The endoplasm is moderately wounded.
You hit the endoplasm but do no damage. The endoplasm freezes you.
You are frozen.
The endoplasm hits you.
You hit the endoplasm.
The endoplasm is heavily wounded.
You hit the endoplasm. The endoplasm misses you. The endoplasm hits you. x2
* * * LOW HITPOINT WARNING * * *
The endoplasm freezes you.
You are frozen.
* * * LOW HITPOINT WARNING * * *
You barely miss the endoplasm.
The endoplasm is heavily wounded.
You hit the endoplasm. The endoplasm closely misses you.
The endoplasm hits you.
* * * LOW HITPOINT WARNING * * *
Welcome back, bobo the Hill Orc Monk.
Press ? for a list of commands and other information.
You barely miss the endoplasm.
The endoplasm is severely wounded.
You hit the endoplasm.
You kill the endoplasm!
The endoplasm freezes you.
You are frozen.
You die...

..≈~.# ~P.~.# ..
.~~.## ###.#
P.~## ##.#.##
..#≈# ##..... ###
.P#~# ..... ....
~.~.# ... ....
.P.## ##.#..#
.### #.@J..#
~##### #.##.##
.....## #.# #
..##..#### #.#
#####....# #.# #
####.# #.#
#####.######.#
#............#
#####...#########


You could see an endoplasm.

Vanquished Creatures
  An endoplasm (D:1)
1 creature vanquished.

Notes
Turn   | Place    | Note
-------+----------+-------------------------------------------
     0 | D:1      | bobo the Hill Orc Monk began the quest for the Orb.
     0 | D:1      | Reached XP level 1. HP: 19/19 MP: 1/1
   120 | D:1      | Upgraded the game from 0.30-a0-1016-gfb0d676c02 to
                  | 0.30-a0-1018-g25214051b3
   120 | D:1      | Frozen to death by an endoplasm

Illustrated notes

Levels and vault maps discovered:
D:1:      lemuel_arrival_muddy, layout_loops_corners, reono_crystal_passage,
          minmay_worlds_worst_comb

Action                     || total
---------------------------++-------
  Melee: Hand axe          ||     6
 Armour: Robe              ||     2
  Dodge: Dodged            ||     2

Table legend: (Time is in decaauts)
 A = Elapsed time spent in this place.
 B = Non-inter-level travel time spent in this place.
 C = Inter-level travel time spent in this place.
 D = Time resting spent in this place.
 E = Time spent auto-exploring this place.
 F = Levels seen in this place.
 G = Mean time per level.
                   A        B        C        D        E       F      G
               +--------+--------+--------+--------+--------+-----+--------+
         Total |    121 |    121 |      0 |      0 |     85 |   1 |  121.0 |
       Dungeon |    121 |    121 |      0 |      0 |     85 |   1 |  121.0 |
               +--------+--------+--------+--------+--------+-----+--------+

Top non-repeatable levels by time:
     D:1: 121 daAuts
